 Dungeon Sprint DCSS version 0.27-a0-74-gebd156f8b4 (webtiles) character file.

Game seed: 11031718427413029835

261 rocky1 the Shield-Bearer (level 6, -1/53 HPs)
             Began as a Formicid Fighter on Jan 12, 2021.
             Was a Follower of Cheibriados.
             Slain by a two-headed ogre
             ... wielding a +0 giant club
              (5 damage)
             ... in the Dungeon (Sprint IX: "|||||||||||||||||||||||||||||").
             The game lasted 00:01:30 (418 turns).

rocky1 the Shield-Bearer (Formicid Fighter)          Turns: 418, Time: 00:01:31

Health: -1/53      AC:  9    Str: 28    XL:     6   Next: 41%
Magic:  2/9        EV: 11    Int: 12    God:    Cheibriados [*.....]
Gold:   0          SH: 12    Dex: 12    Spells: 5/5 levels left

rFire    . . .     SeeInvis +   a - +0 long sword
rCold    . . .     Faith    .   c - +0 kite shield
rNeg     . . .     Spirit   .   n - +2 ring mail
rPois    .         Reflect  .   (helmet unavailable)
rElec    .         Harm     .   (no cloak)
rCorr    .         Rampage  .   m - +0 pair of gloves
Will     .....                  (no boots)
Stlth    +.........             (no amulet)
HPRegen  0.17/turn              o - +3 ring of intelligence
MPRegen  0.11/turn              p - +3 ring of strength

@: mighty, very slow
A: permanent stasis, dig shafts and tunnels, four strong arms, antennae 3
a: Dig, Renounce Religion, Bend Time


You were in the Dungeon.
You worshipped Cheibriados.
Cheibriados was aware of your devotion.
You visited 1 branch

Inventory:

Hand Weapons
 a - a +0 long sword (weapon)
 l - the +2 scimitar of Big Damage {vorpal, *Drain rN+++ Str-4 Dex+2}
   (You found it in the Dungeon)

   It inflicts extra damage upon your enemies.
   It affects your strength (-4).
   It affects your dexterity (+2).
   It renders you almost immune to negative energy.
   It causes draining when unequipped.
Armour
 c - a +0 kite shield (worn)
 m - a +0 pair of gloves (worn)
 n - a +2 ring mail (worn)
Jewellery
 o - a +3 ring of intelligence (left hand)
 p - a +3 ring of strength (right hand)
Wands
 k - a wand of iceblast (10)
Scrolls
 i - 3 scrolls of remove curse
 j - 2 scrolls of amnesia
Potions
 e - 5 potions of curing
 f - 2 potions of heal wounds
 g - 4 potions of magic
 h - a potion of invisibility


   Skills:
 + Level 6.3 Fighting
 + Level 7.0 Long Blades
 + Level 6.6 Armour
 + Level 1.2 Dodging
 + Level 7.9 Shields
 * Level 4.8 Invocations


You had 5 spell levels left.
You didn't know any spells.
Your spell library was empty.

Dungeon Overview and Level Annotations

Branches:
Dungeon (1/1)

Altars:
Cheibriados
Dithmenos
Elyvilon
Fedhas
Gozag
Hepliaklqana
Kikubaaqudgha
Makhleb
Nemelex Xobeh
Okawaru
Qazlal
Ru
Sif Muna
Trog
Uskayaw
Vehumet
Wu Jian
Xom
Yredelemnul
Zin
The Shining One
Beogh
Jiyva
Lugonu


Innate Abilities, Weirdness & Mutations

You cannot be hasted, slowed, berserked, paralysed or teleported.
You can dig through walls and to a lower floor.
Your four strong arms can wield two-handed weapons with a shield.
You have a pair of large antennae on your head. (SInv)


Message History

The two-headed ogre hits you with a +0 giant club.
* * * LOW HITPOINT WARNING * * *
You closely miss the two-headed ogre.
The two-headed ogre is heavily wounded.
The two-headed ogre barely misses you. The two-headed ogre closely misses you.
You hit the two-headed ogre.
The two-headed ogre is severely wounded.
You block the two-headed ogre's attack.
The two-headed ogre hits you with a +0 giant club!
* * * LOW HITPOINT WARNING * * *
Unknown command.
You feel much better. You block the two-headed ogre's attack.
The two-headed ogre hits you with a +0 giant club!!
Unknown command.
You slash the two-headed ogre!
The two-headed ogre is almost dead.
The two-headed ogre hits you with a +0 giant club!
* * * LOW HITPOINT WARNING * * *
The two-headed ogre hits you with a +0 giant club.
You die...

▓+▓
▓.▓
▓.▓
▓.▓
▓y▓
▓S▓
▓O▓
▓@▓
▓(▓
▓[▓
{
▓.▓
{
▓[▓
{
▓.▓
{
▓.▓
{
▓)▓
{
▓?▓
{


You could see a two-headed ogre, a hornet and an adder.

Vanquished Creatures
  An eye of draining (D)
  A centaur (D)
  A quasit (D)
  A hound (D)
  A worker ant (D)
  An ufetubus (D)
  2 orcs (D)
  A jackal (D)
  A ball python (D)
  2 bats (D)
  A kobold (D)
13 creatures vanquished.

Notes
Turn   | Place    | Note
-------+----------+-------------------------------------------
     0 | D        | rocky1 the Formicid Fighter began the quest for the Orb.
     0 | D        | Reached XP level 1. HP: 18/18 MP: 1/1
   133 | D        | Noticed a hound
   133 | D        | Noticed a worker ant
   139 | D        | Killed a worker ant
   140 | D        | Reached skill level 5 in Shields
   140 | D        | Reached XP level 2. HP: 14/26 MP: 2/2
   140 | D        | Reached XP level 3. HP: 17/31 MP: 3/3
   156 | D        | Reached skill level 5 in Fighting
   156 | D        | Reached skill level 5 in Armour
   156 | D        | Reached XP level 4. HP: 16/39 MP: 4/4
   328 | D        | Found a roughly hewn altar of Beogh.
   328 | D        | Found a snail-covered altar of Cheibriados.
   328 | D        | Found a shadowy altar of Dithmenos.
   328 | D        | Found a white marble altar of Elyvilon.
   328 | D        | Found a blossoming altar of Fedhas.
   328 | D        | Found an opulent altar of Gozag.
   329 | D        | Found a hazy altar of Hepliaklqana.
   330 | D        | Found a viscous altar of Jiyva.
   331 | D        | Found an ancient bone altar of Kikubaaqudgha.
   332 | D        | Became a worshipper of Cheibriados the Contemplative
   333 | D        | Found a corrupted altar of Lugonu.
   334 | D        | Found a burning altar of Makhleb.
   335 | D        | Found a sparkling altar of Nemelex Xobeh.
   336 | D        | Found an iron altar of Okawaru.
   337 | D        | Found a stormy altar of Qazlal.
   338 | D        | Found a sacrificial altar of Ru.
   339 | D        | Found a shimmering blue altar of Sif Muna.
   340 | D        | Found a bloodstained altar of Trog.
   341 | D        | Found a hide-covered altar of Uskayaw.
   342 | D        | Found a radiant altar of Vehumet.
   343 | D        | Found an ornate altar of the Wu Jian Council.
   344 | D        | Found a shimmering altar of Xom.
   345 | D        | Found a basalt altar of Yredelemnul.
   346 | D        | Found a glowing silver altar of Zin.
   347 | D        | Found a glowing golden altar of the Shining One.
   365 | D        | Got the +2 scimitar of Big Damage {vorpal, *Drain rN+++
                  | Str-4 Dex+2}
   396 | D        | Noticed a hornet
   396 | D        | Noticed a two-headed ogre
   396 | D        | Noticed an eye of draining
   396 | D        | Noticed a centaur
   400 | D        | Reached skill level 1 in Invocations
   400 | D        | Reached XP level 5. HP: 41/44 MP: 0/6
   404 | D        | Killed a centaur
   404 | D        | Reached * piety under Cheibriados
   405 | D        | Reached skill level 1 in Dodging
   408 | D        | Killed an eye of draining
   409 | D        | Reached XP level 6. HP: 51/53 MP: 1/9
   418 | D        | Slain by a two-headed ogre

Illustrated notes

Levels and vault maps discovered:
D:        linesprint [early_d, line_temple, items_1, d_10, items_2, lair_1,
          lair_end, items_3, orc_1, orc_end, items_4, d_15, swamp_1, shoals_1,
          snake_1, spider_1, d_20, vaults_1, items_5, swamp_end, shoals_end,
          snake_end, spider_end, vaults_end, d_27, items_6, zot_1, zot_end,
          crypt_end, forest_end, elf_end, slime_end, tomb_end, abyss_end,
          pan_hell_end]

Skill      XL: |  1  2  3  4  5 |
---------------+----------------+-----
Shields        | 5 6 7 |  7.9
Fighting       | 4 5 6 |  6.3
Long Blades    | 3 4 7 |  7.0
Armour         | 4 5 6 |  6.6
Invocations    | 1 4 |  4.8
Dodging        | 1 |  1.2

Action                   |  1- 3 |  4- 6 || total
-------------------------+-------+-------++-------
Melee: Long sword        |    32 |    21 ||    53
  Use: Potion            |       |     2 ||     2
Armor: Scale mail        |    17 |       ||    17
       Ring mail         |       |     4 ||     4
Dodge: Dodged            |    10 |     7 ||    17
Block: Kite shield       |    25 |    16 ||    41
       Rpst.: Long sword |     3 |       ||     3

Table legend: (Time is in decaauts)
 A = Elapsed time spent in this place.
 B = Non-inter-level travel time spent in this place.
 C = Inter-level travel time spent in this place.
 D = Time resting spent in this place.
 E = Time spent auto-exploring this place.
 F = Levels seen in this place.
 G = Mean time per level.
                   A        B        C        D        E       F      G
               +--------+--------+--------+--------+--------+-----+--------+
         Total |    439 |    439 |      0 |    277 |      0 |   1 |  439.0 |
       Dungeon |    439 |    439 |      0 |    277 |      0 |   1 |  439.0 |
               +--------+--------+--------+--------+--------+-----+--------+

Top non-repeatable levels by time:
       D: 439 daAuts
